 Dungeon Crawl Stone Soup version 0.28.0-53-g5a82cb258f (webtiles) character file.

Game seed: 4564696117466116287

7 jamesblauser the Bolt Thrower (level 1, -1/18 HPs)
             Began as a Minotaur Hunter on Nov 5, 2022.
             Slain by a ball python (3 damage)
             ... on level 2 of the Dungeon.
             The game lasted 00:02:13 (87 turns).

jamesblauser the Bolt Thrower (Minotaur Hunter)       Turns: 87, Time: 00:02:14

Health: -1/18      AC:  3    Str: 16    XL:     1   Next: 83%
Magic:  0/0        EV: 11    Int:  8    God:
Gold:   0          SH:  0    Dex: 10    Spells: 0/0 levels left

rFire   . . .      SeeInvis .   b - +0 short sword
rCold   . . .      Faith    .   (no shield)
rNeg    . . .      Spirit   .   c - +0 leather armour
rPois   .          Reflect  .   (helmet restricted)
rElec   .          Harm     .   (no cloak)
rCorr   .          Rampage  .   (no gloves)
Will    .....                   (no boots)
Stlth   +.........              (no amulet)
HPRegen 0.06/turn               (no ring)
MPRegen 0.07/turn               (no ring)

@: no status effects
A: horns 2, retaliatory headbutt
a: no special abilities


You were on level 2 of the Dungeon.
You visited 1 branch of the dungeon, and saw 2 of its levels.

Inventory:

Hand Weapons
 a - a +1 hand crossbow
 b - a +0 short sword (weapon)
 e - a +0 club
Missiles
 d - 19 bolts
Armour
 c - a +0 leather armour (worn)


   Skills:
 + Level 2.5 Fighting
 + Level 4.7 Crossbows
 + Level 2.2 Dodging
 + Level 0.7 Stealth


You couldn't memorise any spells.
You didn't know any spells.
Your spell library was empty.

Dungeon Overview and Level Annotations

Branches:
Dungeon (1/15)

Altars:


Innate Abilities, Weirdness & Mutations

You have a pair of horns on your head.
You reflexively headbutt those who attack you in melee.


Message History

The ball python bites you but does no damage.
The ball python barely misses you. The jackal bites you. x2
You hit the jackal but do no damage.
The jackal is moderately wounded.
The ball python bites you but does no damage.
The ball python grabs you. The ball python constricts you.
The jackal barely misses you. x2; You furiously retaliate!
You headbutt the jackal.
A goblin comes into view. It is wielding a +0 dagger.
The ball python barely misses you. The ball python constricts you.
The jackal closely misses you.
The jackal bites you but does no damage.
You hit the jackal.
You kill the jackal!
The jackal bites you. The ball python bites you.
The ball python constricts you.
You escape the ball python's grasp.
The jackal bites you. The ball python barely misses you.
The ball python grabs you. The ball python constricts you.
The jackal barely misses you.
You see here a jackal corpse.
You escape the ball python's grasp.
The jackal bites you.
Things that are here:
a bolt; a ball python corpse
d - 19 bolts (gained 1)
A giant cockroach comes into view.
The jackal bites you but does no damage.
The goblin hits you with a +0 dagger.
* * * LOW HITPOINT WARNING * * *
The ball python barely misses you. The ball python closely misses you.
You closely miss the goblin. You headbutt the goblin.
You kill the goblin!
The jackal closely misses you.
The ball python bites you but does no damage.
The ball python closely misses you. The jackal bites you.
* * * LOW HITPOINT WARNING * * *
Found a leather armour.
Things that are here:
a +0 dagger; a goblin corpse The jackal barely misses you.
The ball python bites you.
You die...

.....# # .....## .
#. ##[....# ..##.##
...... . ......
.B..###..
..##...####........
...(....†..........
........††h@.......
..........S....#...
...##..........# .
#..........#
............#
.............#
..............#
#......<......#


You could see a jackal, a giant cockroach and a ball python.

Vanquished Creatures
  A ball python (D:2)
  A goblin (D:2)
  2 jackals (D:2)
  A bat (D:2)
  A frilled lizard (D:1)
6 creatures vanquished.

Notes
Turn   | Place    | Note
-------+----------+-------------------------------------------
     0 | D:1      | jamesblauser the Minotaur Hunter began the quest for the
                  | Orb.
     0 | D:1      | Reached XP level 1. HP: 18/18 MP: 0/0
    72 | D:1      | You fall into a shaft and drop 1 floor!
    87 | D:2      | Slain by a ball python

Illustrated notes

Levels and vault maps discovered:
D:1:      mainiacjoe_arrival_reflecting_pool, layout_loops_corners, minivault_14
D:2:      layout_rooms, hellmonk_ecumenical_altar_arch_garden, basic_altar,
          moated_statue, minmay_misc_feat_secret_circle, minmay_box_of_dots

Action                   || total
-------------------------++-------
Melee: Short sword       ||     7
       Headbutt          ||     1
 Fire: Hand crossbow     ||     3
Armor: Leather armour    ||     8
Dodge: Dodged            ||    18
